 Dungeon Crawl Stone Soup version 0.29.0-15-g675c0067aa (webtiles) character file.

Game seed: 1377715471973537703

9831 melvinkitnick the Frost Mage (level 11, 0/83 HPs)
             Began as an Octopode Ice Elementalist on Sept 11, 2022.
             Was a Priest of Ashenzari.
             Slain by a hornet (14 damage)
             ... on level 9 of the Dungeon.
             The game lasted 00:57:24 (16158 turns).

melvinkitnick the Frost Mage (OpIE)                Turns: 16158, Time: 00:57:25

Health: 0/83       AC:  1    Str:  8    XL:     11   Next: 52%
Magic:  1/23       EV: 15    Int: 27    God:    Ashenzari [***...]
Gold:   592        SH:  5    Dex: 12    Spells: 3/26 levels left

rFire   + + +      SeeInvis +   E - +7 whip "Yoke of the Cosmic Seer" {vorpal, Contam Drain rF+++ Int+5, Self, Bglg} (curse)
rCold   . . .      Faith    .   (no shield)
rNeg    . . .      Spirit   .   (helmet restricted)
rPois   +          Reflect  +   v - amulet of Ashenzari's Pantheism {Reflect SH+5, Melee, Self} (curse)
rElec   .          Harm     .   g - ring "At What Cost Knowledge?" {Wiz, Evo, Bglg} (curse)
rCorr   .          Rampage  .   u - ring "Share My Repose" {Ice, Cun, Comp} (curse)
Will    .....      Clarity  +   t - ring of Supernal Gnosis {Fire, Melee, Cun} (curse)
Stlth   ++++......              A - ring "Bound With Me" {rPois, Fort, Alch} (curse)
HPRegen 0.23/turn               (no ring)
MPRegen 0.18/turn               (no ring)
                                (no ring)
                                (no ring)

@: lethally poisoned (0 -> -4), slowed, very slow
A: almost no armour, amphibious, 8 rings, camouflage 1, gelatinous body 1,
(nimble swimmer 1), tentacles
a: Renounce Religion, Shatter the Chains


You were on level 9 of the Dungeon.
You worshipped Ashenzari.
Ashenzari was most pleased with you.
You visited 2 branches of the dungeon, and saw 10 of its levels.
You also visited: Bailey.

You collected 592 gold pieces.

Inventory:

Hand Weapons
 E - the cursed +7 whip "Yoke of the Cosmic Seer" (weapon) {vorpal, Contam Drain rF+++ Int+5, Self, Bglg}
   (You found it on level 7 of the Dungeon)

   It inflicts extra damage upon your enemies.
   Int:       It affects your intelligence (+5).
   rF:        It renders you almost immune to fire.
   Contam:    It causes magical contamination when unequipped.
   Drain:     It drains your maximum health when unequipped.
   It has a curse which improves the following skills: Introspection: Fighting
   and Spellcasting.
   Beguiling: Conjurations, Hexes and Translocations.
Missiles
 e - a curare-tipped dart
 f - 2 javelins
 j - 5 atropa-tipped darts
 y - 29 poisoned darts (quivered)
Armour
 o - a +0 kite shield
Jewellery
 g - the cursed ring "At What Cost Knowledge?" (left tentacle) {Wiz, Evo, Bglg}
   (You found it on level 1 of the Dungeon)

   [ring of wizardry]

   It improves your spell success rate.
   It has a curse which improves the following skills: Evocations: Evocations.
   Beguiling: Conjurations, Hexes and Translocations.
 t - the cursed ring of Supernal Gnosis (on tentacle) {Fire, Melee, Cun}
   (You found it on level 5 of the Dungeon)

   [ring of fire]

   It enhances your fire magic.
   rF:        It protects you from fire.
   rC:        It makes you vulnerable to cold.
   It has a curse which improves the following skills: Melee Combat: Short
   Blades, Long Blades, Axes, Maces & Flails, Polearms, Staves and Unarmed
   Combat.
   Cunning:   Dodging and Stealth.
 u - the cursed ring "Share My Repose" (right tentacle) {Ice, Cun, Comp}
   (You found it on level 5 of the Dungeon)

   [ring of ice]

   It enhances your ice magic.
   rF:        It makes you vulnerable to fire.
   rC:        It protects you from cold.
   It has a curse which improves the following skills: Cunning: Dodging and
   Stealth.
   Companions: Summonings and Necromancy.
 v - the cursed amulet of Ashenzari's Pantheism (around mantle) {Reflect SH+5, Melee, Self}
   (You found it on level 6 of the Dungeon)

   [amulet of reflection]

   It reflects blocked missile attacks.
   SH:        It affects your SH (+5).
   It has a curse which improves the following skills: Melee Combat: Short
   Blades, Long Blades, Axes, Maces & Flails, Polearms, Staves and Unarmed
   Combat.
   Introspection: Fighting and Spellcasting.
 A - the cursed ring "Bound With Me" (on tentacle) {rPois, Fort, Alch}
   (You found it on level 7 of the Dungeon)

   [ring of poison resistance]

   rPois:     It protects you from poison.
   It has a curse which improves the following skills: Fortitude: Shields.
   Alchemy:   Poison Magic and Transmutations.
Wands
 i - a wand of flame (24)
 n - a wand of roots (12)
Scrolls
 d - 5 scrolls of teleportation
 l - 2 scrolls of enchant armour
 r - a scroll of blinking
 s - a scroll of silence
 x - 3 scrolls of amnesia
Potions
 a - a potion of magic
 b - a potion of flight
 c - 2 potions of ambrosia
 h - 5 potions of heal wounds
 k - 4 potions of curing
 m - 3 potions of haste
 p - 3 potions of lignification
 q - a potion of berserk rage
 w - 3 potions of resistance
 z - 4 potions of brilliance
 D - a potion of mutation


   Skills:
 + Level 8.9(11.4) Fighting
 + Level 4.3(6.6) Dodging
 - Level 2.6(4.6) Stealth
 - Level 6.0(8.4) Spellcasting
 - Level 6.0(8.5) Conjurations
 * Level 3.3(4.7) Necromancy
 - Level 2.1(4.0) Translocations
 - Level 12.0 Ice Magic


You had 3 spell levels left.
You knew the following spells:

 Your Spells              Type           Power      Damage    Failure   Level
a - Freeze                Ice            100%       1d11      1%          1
b - Frozen Ramparts       Ice            100%       1d16      1%          3
c - Hailstorm             Conj/Ice       79%        3d16      1%          4
d - Ozocubu's Armour      Ice            85%        N/A       1%          3
e - Sublimation of Blood  Necr           37%        N/A       1%          2
f - Freezing Cloud        Conj/Ice/Air   32%        6-21      3%          5
g - Stone Arrow           Conj/Erth      68%        3d11      1%          3
u - Blink                 Tloc           66%        N/A       1%          2

Your spell library contained the following spells:

 Spells                   Type           Power      Damage    Failure   Level
 Beastly Appendage        Tmut           24%        N/A       1%          1
 Foxfire                  Conj/Fire      100%       2x1d9     1%          1
 Magic Dart               Conj           100%       1d8       1%          1
 Summon Small Mammal      Summ           48%        N/A       1%          1
 Searing Ray              Conj           100%       2d8       1%          2
 Mephitic Cloud           Conj/Pois/Air  27%        N/A       1%          3
 Wereblood                Tmut           12%        N/A       2%          2
 Poisonous Vapours        Pois/Air       22%        N/A       3%          2
 Call Canine Familiar     Summ           12%        N/A       6%          3
 Ignite Poison            Fire/Tmut/Pois 18%        N/A       6%          3
 Inner Flame              Hex/Fire       18%        N/A       6%          3
 Spider Form              Tmut/Pois      12%        N/A       6%          3
 Summon Guardian Golem    Hex/Summ       12%        N/A       6%          3
 Iskenderun's Battlesphe  Conj           55%        2d11      1%          5
 Fulminant Prism          Conj/Hex       17%        3d11      3%          4
 Sticky Flame             Conj/Fire      51%        2d7       3%          4
 Lightning Bolt           Conj/Air       17%        1d31      10%         5
 Corpse Rot               Necr/Pois/Air  20%        N/A       11%         4
 Manifold Assault         Tloc           33%        N/A       11%         5
 Iron Shot                Conj/Erth      17%        9d4       45%         6
 Storm Form               Tmut/Air       5%         N/A       100%        7
 Summon Hydra             Summ           6%         N/A       100%        7
 Borgnjor's Revivificati  Necr           18%        N/A       100%        8
 Necromutation            Tmut/Necr      12%        N/A       100%        8
 Death's Door             Necr           18%        N/A       100%        9


Dungeon Overview and Level Annotations

Branches:
Dungeon (9/15)             Temple (1/1) D:5          Bailey (visited)
   Lair: D:8-11         Orc: D:9-12

Altars:
Ashenzari
Cheibriados
Dithmenos
Elyvilon
Fedhas
Gozag
Hepliaklqana
Kikubaaqudgha
Makhleb
Nemelex Xobeh
Okawaru
Qazlal
Ru
Sif Muna
Trog
Uskayaw
Vehumet
Wu Jian
Xom
Yredelemnul
Zin
The Shining One

Annotations:
D:3 3 runed translucent doors, Shym's ghost, amateur TrGl; bworf's ghost, amateur HOFi; sanka's ghost, amateur DsAK; sentinel's ghost, weakling MeEE
D:8 1 runed translucent door, sausages's ghost, novice MiFi


Innate Abilities, Weirdness & Mutations

You cannot wear most types of armour.
You are amphibious.
You can wear up to eight rings at the same time.
Your skin changes colour to match your surroundings (Stealth+).
Your rubbery body absorbs attacks. (AC +1, EV +1)
((You are camouflaged when in or above water. (Stealth+)))
You have tentacles for arms and can constrict up to eight enemies at once.


Message History

Confirm with . or Enter, or press ? or * to list all spells.
Aiming: Stone Arrow (safe; 1% risk of failure)
Press: ? - help, Shift-Dir - straight line, f/p - hornet
Aim: a hornet (almost dead, 60% to hit)
The stone arrow misses the hornet.
The hornet completely misses you. x2
Casting: Stone Arrow (safe; 1% risk of failure)
Confirm with . or Enter, or press ? or * to list all spells.
Aiming: Stone Arrow (safe; 1% risk of failure)
Press: ? - help, Shift-Dir - straight line, f/p - hornet
Aim: a hornet (almost dead, 60% to hit)
The stone arrow misses the hornet.
The hornet stings you!
* * * LOW HITPOINT WARNING * * *
You are poisoned.
You feel yourself slow down.
Unknown command.
You barely miss the hornet. Your grab misses the hornet.
Your squeeze misses the hornet.
The hornet is almost dead.
You feel yourself speed up.
You feel very sick. The hornet stings you.
* * * LOW HITPOINT WARNING * * *
The hornet misses you. The hornet closely misses you.
You hit the hornet but do no damage. Your grab misses the hornet.
Your squeeze misses the hornet.
The hornet is almost dead.
You feel sick. The hornet stings you!!
* * * LOW HITPOINT WARNING * * *
You feel yourself slow down.
Aiming: Fastroot
Press: ? - help, Shift-Dir - straight line, f/p - hornet
Aim: a hornet (severely wounded)
Okay, then.
Aiming: Fastroot
Press: ? - help, Shift-Dir - straight line, p - hornet The roots erupt in riotous growth!
Roots grab the hornet.
The grasping roots constrict the hornet.
You feel sick. The hornet stings you!
You die...

#............# , .........
#............# ...........
#............# *............
#............#####............
##............................
##.........................).
##..........................
##....................#####
##.......@.......... #
##.......y....... #
##............. ,, #
##............, , * #
##....?...... . ##.......... ,
########### * *


You could see a hornet (rooted).

Vanquished Creatures
  A two-headed ogre (D:9)
  An orc high priest (Bailey)
  An orc knight (Bailey)
  Joseph (D:7)
  A gargoyle (D:7)
  2 kobold demonologists
  A hornet (D:9)
  A meliai (D:7)
  A slime creature (D:8)
  Sigmund (D:4)
  Eustachio (D:4)
  3 wyverns (D:9)
  8 yaks
  A steam dragon (D:5)
  An acid dragon (D:8)
  3 water moccasins
  Duvessa (D:3)
  11 orc warriors (Bailey)
  A black bear (D:6)
  2 ice beasts
  6 centaurs
  A phantom (D:6)
  5 kobold brigands
  2 bullfrogs
  A gnoll sergeant (D:7)
  2 scorpions
  Dowan (D:3)
  6 electric eels (Bailey)
  3 howler monkeys (D:7)
  4 jellies
  5 orc priests
  7 hounds
  4 iguanas
  7 orc wizards
  4 adders
  13 gnolls
  A white imp (D:6)
  An ufetubus (D:6)
  A dart slug (D:1)
  37 orcs
  3 ball pythons (D:1)
  3 bats
  7 endoplasms
  6 giant cockroaches
  9 goblins
  19 hobgoblins
  5 jackals
  13 kobolds
  4 quokkas
  6 frilled lizards
  4 rats
233 creatures vanquished.

Vanquished Creatures (others)
  6 fungi (D:6)
  A withered plant (D:3)
7 creatures vanquished.

Grand Total: 240 creatures vanquished

Notes
Turn   | Place    | Note
-------+----------+-------------------------------------------
     0 | D:1      | melvinkitnick the Octopode Ice Elementalist began the quest
                  | for the Orb.
     0 | D:1      | Reached XP level 1. HP: 11/11 MP: 3/3
   421 | D:1      | Reached XP level 2. HP: 16/17 MP: 1/5
   942 | D:1      | Found a faded altar of an unknown god.
  1292 | D:1      | Reached XP level 3. HP: 21/21 MP: 3/6
  1296 | D:1      | Learned a level 3 spell: Frozen Ramparts
  1669 | D:2      | You fall into a shaft and drop 1 floor!
  1774 | D:3      | Learned a level 3 spell: Ozocubu's Armour
  1898 | D:2      | Reached skill level 5 in Ice Magic
  1978 | D:2      | Reached XP level 4. HP: 27/27 MP: 3/8
  2454 | D:3      | Found a basalt altar of Yredelemnul.
  2500 | D:3      | Found a sacrificial altar of Ru.
  3342 | D:3      | Found a runed translucent gate.
  3342 | D:3      | Found a runed translucent gate.
  3342 | D:3      | Noticed sentinel's ghost (weakling MeEE)
  3343 | D:3      | Found a runed translucent gate.
  3343 | D:3      | Noticed sanka's ghost (amateur DsAK)
  3344 | D:3      | Noticed Shym's ghost (amateur TrGl)
  3344 | D:3      | Noticed bworf's ghost (amateur HOFi)
  3556 | D:4      | Reached XP level 5. HP: 31/31 MP: 9/9
  3652 | D:4      | Noticed Dowan
  3688 | D:4      | Noticed Eustachio
  3696 | D:4      | Killed Eustachio
  3697 | D:4      | Reached skill level 6 in Ice Magic
  3697 | D:4      | Reached XP level 6. HP: 36/37 MP: 0/12
  3702 | D:4      | Learned a level 4 spell: Hailstorm
  4001 | D:3      | Reached skill level 1 in Conjurations
  4303 | D:4      | Reached skill level 1 in Fighting
  4521 | D:4      | Noticed Sigmund
  4951 | D:4      | Reached XP level 7. HP: 44/44 MP: 8/13
  5304 | D:5      | Entered Level 5 of the Dungeon
  5748 | D:5      | Found a staircase to the Ecumenical Temple.
  5777 | Temple   | Entered the Ecumenical Temple
  5931 | Temple   | Became a worshipper of Ashenzari the Shackled
  6248 | D:5      | Found a shadowy altar of Dithmenos.
  6450 | D:5      | Noticed a steam dragon
  6626 | D:6      | Reached XP level 8. HP: 22/54 MP: 2/14
  7228 | D:6      | Found a shimmering blue altar of Sif Muna.
  7571 | D:6      | Reached skill level 7 in Ice Magic
  7718 | D:6      | Reached skill level 5 in Fighting
  8101 | D:7      | Reached * piety under Ashenzari
  8269 | D:7      | Reached skill level 8 in Ice Magic
  8417 | D:7      | Found a flagged portal.
  8426 | Bailey   | Entered a bailey
  8724 | Bailey   | Reached XP level 9. HP: 63/63 MP: 7/16
  8875 | Bailey   | Noticed an orc high priest
  8906 | Bailey   | Reached skill level 9 in Ice Magic
  9106 | Bailey   | Noticed an orc knight
  9147 | Bailey   | Killed an orc knight
  9569 | Bailey   | Reached skill level 10 in Ice Magic
 10140 | Bailey   | Identified a scroll of acquirement
 10144 | Bailey   | Acquired the Tome of the Energetic Summer
 10150 | Bailey   | Learned a level 3 spell: Stone Arrow
 10284 | Bailey   | Identified the +0 pair of boots "Dyfiurir" {Will+ Int+3
                  | Dex+2}
 10297 | Bailey   | Found an iron altar of Okawaru.
 10299 | Bailey   | Noticed a kobold demonologist
 10306 | Bailey   | Noticed a sun demon
 10306 | Bailey   | Killed a kobold demonologist
 10307 | Bailey   | Reached skill level 11 in Ice Magic
 10307 | Bailey   | Reached XP level 10. HP: 72/72 MP: 8/17
 10393 | Bailey   | Noticed a soul eater
 10393 | Bailey   | Noticed a sixfirhy
 10517 | Bailey   | Killed an orc high priest
 10518 | Bailey   | Reached skill level 12 in Ice Magic
 10622 | Bailey   | Learned a level 2 spell: Blink
 10625 | Bailey   | Learned a level 2 spell: Sublimation of Blood
 10940 | D:7      | Noticed Joseph
 11224 | D:7      | Noticed a gargoyle
 11238 | D:7      | Killed a gargoyle
 11654 | D:7      | Identified the +7 whip "Cofov" {vorpal, Contam Drain rF+++
                  | Int+5}
 11981 | D:4      | Killed Sigmund
 12081 | D:4      | Noticed Duvessa
 12171 | D:3      | Killed Duvessa
 12172 | D:3      | Reached skill level 5 in Conjurations
 12172 | D:3      | Killed Dowan
 12664 | D:6      | Found a shimmering altar of Xom.
 12756 | D:7      | Killed Joseph
 12910 | D:8      | Reached ** piety under Ashenzari
 12988 | D:8      | Reached skill level 5 in Spellcasting
 12988 | D:8      | Reached XP level 11. HP: 45/81 MP: 2/21
 14299 | D:8      | Learned a level 5 spell: Freezing Cloud
 14811 | D:8      | Reached skill level 1 in Necromancy
 14811 | D:8      | Reached skill level 1 in Translocations
 15141 | D:8      | Found a blossoming altar of Fedhas.
 15349 | D:8      | Found a runed translucent door.
 15349 | D:8      | Noticed sausages's ghost (novice MiFi)
 15806 | D:9      | Reached *** piety under Ashenzari
 15952 | D:9      | Found a radiant altar of Vehumet.
 16024 | D:9      | Noticed a two-headed ogre
 16032 | D:9      | Killed a two-headed ogre
 16158 | D:9      | Slain by a hornet

Illustrated notes

Levels and vault maps discovered:
D:1:      wander_arrival_abandoned_jail, layout_basic,
          hellmonk_ecumenical_altar_lost_god, kennysheep_nondescript
D:2:      layout_rooms, minmay_ruptured
D:3:      layout_loops_ring, mainiacjoe_overflow_surrounded_room,
          lemuel_coloured_pillars_altar, gammafunk_ghost_cemetery
D:4:      layout_gridville, uniq_duvessa, uniq_eustachio, uniq_sigmund
D:5:      layout_basic, nicolae_dithmenos_shadow_blocks,
          minmay_temple_entry_offerings
D:6:      layout_rooms, tgw_xom, mainiacjoe_overflow_catwalk, fountainhead,
          minmay_misc_feat_more_columns, grunt_ministairs_6,
          dreamdust_gnoll_farm
D:7:      layout_gridville, enter_bailey_1, uniq_joseph
D:8:      layout_layer_cave, general_overflow_altar, gammafunk_ghost_grave,
          minmay_chambers_of_fives
D:9:      layout_big_octagon, vehumet_altar_wand_db, hangedman_decor_push,
          grunt_ministairs_10
Temple:   nicolae_temple_bog_church

Skill      XL: |  1  2  3  4  5  6  7  8  9 10 11 |
---------------+----------------------------------+-----
Ice Magic      | 5 6 8 11 12 | 12.0
Spellcasting   | 3 4 5 6 |  6.0
Conjurations   | 2 4 6 |  6.0
Fighting       | 1 4 5 7 8 |  8.9
Dodging        | 3 4 |  4.3
Necromancy     | 3 |  3.3
Translocations | 2 |  2.1
Stealth        | |  2.6

Action                   |  1- 3 |  4- 6 |  7- 9 | 10-12 || total
-------------------------+-------+-------+-------+-------++-------
Melee: Unarmed           |     3 |       |       |       ||     3
       Constrict         |     2 |     8 |     7 |    12 ||    29
       Dagger            |     9 |    21 |    23 |    14 ||    67
       Tentacles         |     1 |     3 |     8 |    14 ||    26
       Falchion          |       |       |     4 |       ||     4
       Whip              |       |       |       |    28 ||    28
 Fire: Sling             |       |       |    18 |       ||    18
Throw: Dart              |       |     2 |     4 |     3 ||     9
 Cast: Freeze            |    39 |    27 |    23 |     1 ||    90
       Frozen Ramparts   |     3 |    12 |    31 |    15 ||    61
       Ozocubu's Armour  |       |     4 |     6 |     2 ||    12
       Hailstorm         |       |       |    51 |    66 ||   117
       Stone Arrow       |       |       |       |    24 ||    24
       Sublimation of Bl |       |       |       |     1 ||     1
       Freezing Cloud    |       |       |       |     3 ||     3
Invok: Curse Item        |       |       |     2 |     4 ||     6
Evoke: Wand              |       |       |     1 |     2 ||     3
  Use: Scroll            |     8 |     2 |     5 |     3 ||    18
       Potion            |       |       |       |     4 ||     4
 Stab: Sleeping          |     8 |     3 |       |       ||    11
Armor: Skin              |     1 |     5 |     3 |       ||     9
Dodge: Dodged            |    19 |    19 |    34 |    52 ||   124
Block: Other             |       |       |     1 |    18 ||    19
       Reflection        |       |       |       |     7 ||     7
